 Dungeon Crawl Stone Soup version 0.30-b1-2-g02819fbbbe (webtiles) character file.

Game seed: 1399149051239333124

1316 gamer the Shield-Bearer (level 8, 0/61 HPs)
             Began as a Human Fighter on Oct 9, 2023.
             Was a Priest of Zin.
             Slain by a troll (11 damage)
             ... on level 7 of the Dungeon.
             The game lasted 00:53:58 (4377 turns).

gamer the Shield-Bearer (Human Fighter)             Turns: 4377, Time: 00:53:59

Health: 0/61       AC: 17    Str: 17    XL:     8   Next: 89%
Magic:  10/10      EV:  6    Int: 14    God:    Zin [***...]
Gold:   204        SH: 10    Dex: 16    Spells: 7/7 levels left

rFire   . . .        d - +2 flail (holy)
rCold   . . .        t - +0 kite shield
rNeg    . . .        h - +0 chain mail
rPois   .            l - +0 helmet
rElec   .            q - +2 cloak
rCorr   .            e - +2 pair of gloves {Dex+3}
SInv    .            (no boots)
Will    .....        (no amulet) Stlth
                     o - +6 ring of intelligence
HPRegen 0.30/turn    (no ring)
MPRegen 0.12/turn

%: no passive effects
@: no status effects
A: clumsy 1
a: Renounce Religion, Recite, Vitalisation, Imprison, Donate Gold


You were on level 7 of the Dungeon.
You worshipped Zin.
Zin was most pleased with you.
You visited 2 branches of the dungeon, and saw 8 of its levels.

You collected 283 gold pieces.
You donated 79 gold pieces to Zin.

Inventory:

Hand Weapons
 a - a +0 long sword
 d - a +2 flail of holy wrath (weapon)
 f - a +0 short sword
 i - a +0 battleaxe
 j - a +0 dagger
 k - a +1 short sword of draining
 v - a +2 dagger of freezing
 y - the +3 trident of Ummireis {spect, rF+}
   (You found it on level 5 of the Dungeon)

   rF:        It protects you from fire.
Missiles
 x - 11 stones
Armour
 b - a +0 scale mail
 c - a +0 buckler
 e - a +2 pair of gloves of dexterity (worn)
 h - a +0 chain mail (worn)
 l - a +0 helmet (worn)
 p - a +0 pair of gloves
 q - a +2 cloak (worn)
 t - a +0 kite shield (worn)
 C - a +0 leather armour of cold resistance
Jewellery
 o - a +6 ring of intelligence (left hand)
 w - a ring of magical power
 F - a ring of fire
Scrolls
 s - 2 scrolls of vulnerability
 u - a scroll of noise
 A - a scroll of teleportation
 I - 2 scrolls of identify
 J - a scroll of amnesia {unknown}
 K - a scroll of magic mapping
Potions
 g - 3 potions of flight
 m - a potion of heal wounds
 n - 4 potions of attraction
 r - 2 potions of curing
 B - 2 potions of might
 D - a potion of lignification {unknown}
 E - a potion of mutation
 G - a potion of berserk rage {unknown}
 H - a potion of degeneration {unknown}


   Skills:
 + Level 4.4 Fighting
 + Level 1.6(2.7) Short Blades
 + Level 3.2(3.5) Long Blades
 + Level 4.6 Maces & Flails
 - Level 1.1 Throwing
 + Level 5.1 Armour
 + Level 1.1 Stealth
 + Level 5.3 Shields
 * Level 3.9 Invocations


You had 7 spell levels left.
You didn't know any spells.
Your spell library contained the following spells:

 Spells                   Type           Power      Damage    Failure   Level
 Necrotise                Necr           0%         1d4       100%        1
 Sandblast                Erth           0%         2d4       100%        1
 Passwall                 Tmut/Erth      0%         N/A       100%        2
 Poisonous Vapours        Pois/Air       0%         N/A       100%        2
 Gell's Gravitas          Tloc           0%         N/A       100%        3
 Mephitic Cloud           Conj/Pois/Air  0%         N/A       100%        3
 Stone Arrow              Conj/Erth      0%         3d7       100%        3
 Teleport Other           Tloc           0%         N/A       100%        3
 Vampiric Draining        Necr           0%         2d6       100%        3
 Agony                    Necr           0%         N/A       100%        5
 Freezing Cloud           Conj/Ice/Air   0%         6-21      100%        5
 Summon Forest            Summ/Tloc      0%         N/A       100%        5
 Dispersal                Tloc           0%         N/A       100%        6
 Eringya's Noxious Bog    Tmut/Pois      0%         N/A       100%        6
 Summon Hydra             Summ           0%         N/A       100%        7


Dungeon Overview and Level Annotations

Branches:
Dungeon (7/15)             Temple (1/1) D:4

Altars:
Ashenzari
Cheibriados
Elyvilon
Fedhas
Gozag
Hepliaklqana
Kikubaaqudgha
Makhleb
Nemelex Xobeh
Okawaru
Qazlal
Ru
Sif Muna
Trog
Uskayaw
Vehumet
Wu Jian
Xom
Yredelemnul
Zin
The Shining One

Shops:
D:1 !


Innate Abilities, Weirdness & Mutations

You are clumsy. (Dex -2)


Message History

You kill the orc!
The troll bites you. You block the troll's attack.
The troll claws you but does no damage. You block the iguana's attack.
You closely miss the iguana. The troll bites you but does no damage.
The troll claws you! x2
The iguana bites you but does no damage.
The troll bites you but does no damage. The troll closely misses you.
The troll claws you but does no damage.
Unknown command.
You sock the iguana!
The iguana is heavily wounded.
You block the iguana's attack. The troll bites you!
The troll closely misses you. The troll barely misses you.
The iguana barely misses you.
Unknown command.
You sock the iguana!
You kill the iguana!
The troll bites you but does no damage.
The troll claws you but does no damage. x2
You sock the troll!
The troll is lightly wounded.
You block the troll's attack. The troll claws you but does no damage.
The troll completely misses you. The troll bites you.
You block the troll's attack. The troll barely misses you.
Unknown command.
You hit the troll.
The troll is moderately wounded.
The troll bites you but does no damage. The troll claws you but does no damage.
The troll claws you.
Unknown command.
You hit the troll but do no damage.
The troll is moderately wounded.
The troll bites you but does no damage. The troll claws you but does no damage.
The troll closely misses you.
Unknown command.
You hit the troll.
The troll is moderately wounded.
The troll bites you!
* * * LOW HITPOINT WARNING * * *
The troll claws you but does no damage. x2; The troll bites you!
You die...

##### #...#
#...#
####...####
#.........####
#.............
.#.....@...#
.......T))..#
..####....#.#
#..)(# #
####.# .# ..
.#. .#.#


You could see a troll.

Vanquished Creatures
  Edmund (D:5)
  Duvessa (D:5)
  A water moccasin (D:6)
  2 black bears (D:6)
  2 ogres
  A phantom (D:5)
  A kobold brigand (D:5)
  A bullfrog (D:6)
  A scorpion (D:6)
  Dowan (D:5)
  3 hounds
  3 iguanas
  Ijyb (D:5)
  5 adders
  A white imp (D:5)
  2 worms
  A dart slug (D:4)
  10 orcs
  12 endoplasms
  5 giant cockroaches
  3 goblins
  2 hobgoblins (D:1)
  3 jackals (D:5)
  4 quokkas
  3 ball pythons
  7 bats
  3 frilled lizards
  8 kobolds
  A rat (D:2)
89 creatures vanquished.

Vanquished Creatures (others)
  A jackal (D:5)
1 creature vanquished.

Grand Total: 90 creatures vanquished

Notes
Turn   | Place    | Note
-------+----------+-------------------------------------------
     0 | D:1      | gamer the Human Fighter began the quest for the Orb.
     0 | D:1      | Reached XP level 1. HP: 18/18 MP: 1/1
    61 | D:1      | Reached XP level 2. HP: 24/24 MP: 2/2
   298 | D:1      | Found Beom's Distillery.
   348 | D:1      | Reached XP level 3. HP: 29/29 MP: 3/3
   998 | D:2      | Reached XP level 4. HP: 34/35 MP: 4/4
  1034 | D:2      | Reached skill level 1 in Stealth
  1269 | D:3      | Reached skill level 1 in Short Blades
  1509 | D:3      | You fall into a shaft and drop 1 floor!
  1813 | D:4      | Reached XP level 5. HP: 41/41 MP: 5/5
  1830 | D:4      | Reached skill level 1 in Throwing
  1871 | D:4      | Found a staircase to the Ecumenical Temple.
  1884 | Temple   | Entered the Ecumenical Temple
  2022 | Temple   | Became a worshipper of Zin the Law-Giver
  2022 | Temple   | Reached * piety under Zin
  2272 | D:4      | Donated 51 gold pieces to Zin
  2747 | D:5      | Entered Level 5 of the Dungeon
  2753 | D:5      | Noticed Ijyb
  2770 | D:5      | Noticed Edmund
  2777 | D:5      | Killed Ijyb
  2780 | D:5      | Reached XP level 6. HP: 26/48 MP: 6/6
  2789 | D:5      | Killed Edmund
  2790 | D:5      | Reached skill level 1 in Invocations
  2851 | D:5      | Noticed Duvessa
  2877 | D:5      | Noticed Dowan
  2905 | D:5      | Killed Duvessa
  2906 | D:5      | Reached skill level 1 in Maces & Flails
  2906 | D:5      | Reached XP level 7. HP: 35/53 MP: 8/8
  2937 | D:5      | Killed Dowan
  3000 | D:5      | Identified the +3 trident of Ummireis {spect, rF+}
  3301 | D:6      | Reached XP level 8. HP: 18/60 MP: 9/9
  3454 | D:6      | Reached ** piety under Zin
  3759 | D:6      | Reached skill level 5 in Shields
  3772 | D:6      | Reached skill level 5 in Armour
  3918 | D:6      | Identified the +2 war axe "Goeluch" {drain, rN+++ Will++
                  | Dex-2}
  3957 | D:6      | Found a stormy altar of Qazlal.
  3968 | D:6      | Found a burning altar of Makhleb.
  3972 | D:6      | Found a bloodstained altar of Trog.
  4030 | D:6      | Reached *** piety under Zin
  4189 | D:7      | Noticed a troll
  4214 | D:7      | Gained mutation: You are clumsy. (Dex -2) [potion of
                  | mutation]
  4215 | D:7      | HP: 2/61 [troll (4)]
  4377 | D:7      | Slain by a troll

Illustrated notes

Levels and vault maps discovered:
D:1:      ncdulo_smallfort, layout_basic, serial_shops, shop
D:2:      layout_basic, chequers_serial_rivers_micro_d
D:3:      layout_loops_ring, columned_hall_lemuel
D:4:      layout_cave_pools, minmay_temple_entry_sparse_star
D:5:      layout_rooms, uniq_duvessa, uniq_edmund, uniq_ijyb
D:6:      layout_rooms, grunt_temple_overflow_diamond
D:7:      layout_loops_ring
Temple:   compressed_dpeg_circular_temple

Skill      XL: |  1  2  3  4  5  6  7  8 |
---------------+-------------------------+-----
Stealth        | 1 |  1.1
Short Blades   | 1 |  1.6
Throwing       | 1 |  1.1
Armour         | 4 5 |  5.1
Shields        | 4 5 |  5.3
Invocations    | 2 3 |  3.9
Long Blades    | 3 |  3.2
Maces & Flails | 1 3 4 |  4.6
Fighting       | 4 |  4.4

Action                     |  1- 3 |  4- 6 |  7- 9 || total
---------------------------+-------+-------+-------++-------
  Melee: Long sword        |    23 |    37 |       ||    60
         Short sword       |    55 |    76 |       ||   131
         Flail             |       |    24 |   160 ||   184
  Throw: Dart              |     1 |    24 |       ||    25
         Stone             |       |    10 |     1 ||    11
 Invoke: Recite            |       |     1 |    10 ||    11
         Donate Gold       |       |     1 |       ||     1
    Use: Scroll            |     2 |     6 |     9 ||    17
         Potion            |       |     3 |     7 ||    10
 Armour: Scale mail        |    34 |    28 |       ||    62
         Chain mail        |       |    70 |   162 ||   232
  Dodge: Dodged            |    36 |    79 |    78 ||   193
  Block: Buckler           |    12 |    24 |       ||    36
         Kite shield       |       |    66 |   158 ||   224
